 Dungeon Crawl Stone Soup version 0.28.0-43-g3370ac3207 (webtiles) character file.

Game seed: 2871966747850100852

60 terff the Conjurer (level 4, -1/31 HPs)
             Began as a Human Conjurer on Mar 25, 2022.
             Slain by Natasha (6 damage)
             ... on level 2 of the Dungeon.
             The game lasted 00:08:58 (2201 turns).

terff the Conjurer (Human Conjurer)                 Turns: 2201, Time: 00:09:00

Health: -1/31      AC:  2    Str:  7    XL:     4   Next: 24%
Magic:  6/7        EV: 12    Int: 21    God:
Gold:   89         SH:  0    Dex: 11    Spells: 3/7 levels left

rFire   . . .      SeeInvis .   c - +0 club
rCold   . . .      Faith    .   (no shield)
rNeg    . . .      Spirit   .   a - +0 robe
rPois   .          Reflect  .   (no helmet)
rElec   .          Harm     .   (no cloak)
rCorr   .          Rampage  .   (no gloves)
Will    .....                   (no boots)
Stlth   ++........              (no amulet)
HPRegen 0.10/turn               (no ring)
MPRegen 0.10/turn               (no ring)

@: slowed, very slow
A: no striking features
a: no special abilities


You were on level 2 of the Dungeon.
You visited 1 branch of the dungeon, and saw 2 of its levels.

You collected 89 gold pieces.

Inventory:

Hand Weapons
 c - a +0 club (weapon)
Armour
 a - a +0 robe (worn)
Scrolls
 b - a scroll of identify
 d - a scroll of immolation


   Skills:
 + Level 0.3 Fighting
 + Level 2.3 Dodging
 + Level 2.1 Stealth
 + Level 2.4 Spellcasting
 + Level 4.9 Conjurations


You had 3 spell levels left.
You knew the following spells:

 Your Spells              Type           Power      Damage    Failure   Level
a - Magic Dart            Conj           92%        1d7       1%          1
b - Freeze                Ice            8%         1d3       14%         1
c - Searing Ray           Conj           46%        2d6       2%          2

Your spell library contained the following spells:

 Spells                   Type           Power      Damage    Failure   Level
 Dazzling Flash           Conj/Hex       26%        N/A       16%         3
 Frozen Ramparts          Ice            4%         1d2       38%         3
 Fulminant Prism          Conj/Hex       6%         3d7       45%         4
 Hailstorm                Conj/Ice       13%        3d5       45%         4
 Iskenderun's Mystic Bla  Conj/Tloc      13%        2d5       45%         4
 Conjure Ball Lightning   Conj/Air       6%         3x3d6     100%        6
 Discord                  Hex            1%         N/A       100%        8
 Disjunction              Tloc           1%         N/A       100%        8


Dungeon Overview and Level Annotations

Branches:
Dungeon (2/15)

Altars:

Annotations:
D:2 Natasha


Message History

Casting: Magic Dart (safe; 1% risk of failure)
Confirm with . or Enter, or press ? or * to list all spells.
Aiming: Magic Dart (safe; 1% risk of failure)
Press: ? - help, Shift-Dir - straight line, f - kobold
Aim: a kobold, wielding a +0 club (asleep, 100% to hit)
The magic dart hits the kobold.
The kobold is heavily wounded.
Casting: Magic Dart (safe; 1% risk of failure)
Confirm with . or Enter, or press ? or * to list all spells.
Aiming: Magic Dart (safe; 1% risk of failure)
Press: ? - help, Shift-Dir - straight line, f/p - kobold
Aim: a kobold, wielding a +0 club (heavily wounded, 100% to hit)
The magic dart hits the kobold.
You kill the kobold!
As you read the scroll labelled KULEUC TEPPAN, it crumbles to dust.
You feel strangely unstable.
It was a scroll of teleportation.
As you read the scroll labelled REKLOBL WOTHAUDGH, it crumbles to dust.
It is a scroll of amnesia.
Okay, then.
Your surroundings suddenly seem different.
Natasha, Servant of Life and Death comes into view.
Natasha hisses angrily.
Natasha claws you!
You closely miss Natasha. Natasha claws you.
You hit Natasha but do no damage. Natasha casts a spell at you.
You feel yourself slow down.
You hit Natasha.
Natasha is lightly wounded.
Natasha claws you! x2
* * * LOW HITPOINT WARNING * * *
Casting: Magic Dart (safe; 1% risk of failure)
Confirm with . or Enter, or press ? or * to list all spells.
Aiming: Freeze (safe; 14% risk of failure)
Press: ? - help, Shift-Dir - straight line, f - Natasha
Aim: Natasha (lightly wounded)
You freeze Natasha.
Natasha is moderately wounded.
Natasha claws you.
You die...

#. ## #.## .. #... ..
#..# .# #..# .# #..# .#
#..###h#####.
#....@.......
#############.###.######
............#.# .#
.####.........# .# .#
#.#####.### .. ## #.#
#.# #. #####.## ### ##
.......# ..###.##


You could see Natasha.

Vanquished Creatures
  3 dart slugs
  3 ball pythons
  6 bats
  6 endoplasms
  2 giant cockroaches
  5 goblins
  5 hobgoblins
  4 jackals (D:1)
  5 kobolds
  2 quokkas
  A frilled lizard (D:1)
  3 rats
45 creatures vanquished.

Notes
Turn   | Place    | Note
-------+----------+-------------------------------------------
     0 | D:1      | terff the Human Conjurer began the quest for the Orb.
     0 | D:1      | Reached XP level 1. HP: 13/13 MP: 3/3
   274 | D:1      | Reached XP level 2. HP: 19/19 MP: 1/5
   478 | D:1      | Reached XP level 3. HP: 11/24 MP: 3/6
   659 | D:1      | Learned a level 1 spell: Freeze
   662 | D:1      | Learned a level 2 spell: Searing Ray
  1664 | D:2      | Reached XP level 4. HP: 30/30 MP: 3/7
  1852 | D:2      | Found a faded altar of an unknown god.
  2197 | D:2      | Noticed Natasha
  2201 | D:2      | Slain by Natasha

Illustrated notes

Levels and vault maps discovered:
D:1:      matt_arrival_refuge, layout_loops_ring, minmay_misc_feat_nine_boxes,
          roderic_filled_cross
D:2:      layout_loops_ring, hellmonk_ecumenical_altar_heavens_door,
          uniq_natasha, uniq_crazy_yiuf_cottage

Action                   |  1- 3 |  4- 6 || total
-------------------------+-------+-------++-------
Melee: Club              |    25 |     5 ||    30
 Cast: Magic Dart        |    64 |    17 ||    81
       Freeze            |     1 |     1 ||     2
       Searing Ray       |     1 |       ||     1
  Use: Scroll            |     2 |     2 ||     4
Armor: Robe              |    15 |     1 ||    16
Dodge: Dodged            |    31 |     4 ||    35
